Map: Flashback EE

Players

TATORREA - Winner!

  • Race: Protoss Protoss
  • League: Gold
  • Spawn Location: 11:00

MrFercho - Winner!

  • Race: Zerg Zerg
  • League: Gold
  • Spawn Location: 11:00

tigro - Winner!

  • Race: Terran Terran
  • League: Bronze
  • Spawn Location: 9:00

MGBoss

  • Race: Terran Terran
  • League: Silver
  • Spawn Location: 7:00

qherman

  • Race: Terran Terran
  • League: Gold
  • Spawn Location: 7:00

WoolaThark

  • Race: Protoss Protoss
  • League: Silver
  • Spawn Location: 7:00

VOD

Have the link to the VOD?

Description

Time

  • Played on: July 27, 2020, 10:56 p.m.
  • Length: 21:08
Show
View Real Time Build Order
Export as new Build Order

TATORREA Protoss - Winner!

Build Orders:  

Get SALT Encoding   

  12  0:05  Probe  
  13  0:17  Probe  
  14  0:29  Probe  
  14  0:31  Pylon  
  15  0:49  Probe  
  16  0:56  Gateway  
  16  1:01  Probe  
  17  1:05  Assimilator  
  17  1:10  Pylon  
  17  1:13  Pylon, Probe (Chrono Boost)  
  18  1:25  Probe (Chrono Boost)  
  19  1:30  Probe (Chrono Boost)  
  20  1:40  Probe  
  21  1:54  Cybernetics Core  
  21  1:55  Probe  
  22  2:01  Nexus  
  22  2:10  Probe (Chrono Boost)  
  23  2:18  Assimilator  
  23  2:20  Gateway  
  24  2:22  Probe (Chrono Boost)  
  24  2:31  Probe (Chrono Boost)  
  24  2:37  Probe  
  26  2:47  Gateway  
  26  2:49  Probe  
  27  2:55  Warp Gate  
  27  3:01  Probe  
  28  3:10  Twilight Council  
  28  3:13  Probe  
  28  3:14  Probe  
  30  3:25  Probe  
  30  3:26  Probe  
  32  3:34  Pylon  
  32  3:36  Pylon  
  32  3:37  Probe  
  32  3:38  Probe  
  34  3:43  Charge (Chrono Boost)  
  34  3:50  Robotics Facility  
  34  3:53  Probe x2  
  36  4:03  Gateway  
  36  4:05  Probe x2  
  36  4:07  Gateway  
  38  4:16  Assimilator  
  39  4:17  Probe x2  
  39  4:20  Assimilator  
  40  4:29  Pylon  
  40  4:33  Pylon  
  40  4:52  Stalker  
  42  4:53  Stalker  
  43  5:06  Probe x2  
  45  5:11  Stalker x3  
  47  5:18  Probe  
  48  5:28  Probe  
  49  5:30  Probe  
  49  5:33  Warp Prism (Chrono Boost)  
  50  5:42  Zealot x3  
  58  5:43  Zealot x2  
  62  6:02  Immortal  
  66  6:24  Probe x2  
  68  6:29  Nexus  
  68  6:31  Pylon  
  68  6:32  Pylon  
  68  6:36  Probe x2  
  70  6:41  Immortal  
  74  6:48  Probe x2, Zealot x4  
  84  7:00  Probe  
  83  7:21  Observer (Chrono Boost)  
  83  7:29  Probe x2  
  85  7:41  Probe  
  85  7:42  Probe  
  87  7:53  Probe  
  87  7:54  Probe  
  87  7:57  Zealot x4  
  87  7:58  Zealot  
  99  7:59  Probe  
  100  8:06  Assimilator, Probe x2  
  100  8:10  Assimilator  
  100  8:11  Probe  
  103  8:17  Nexus  
  103  8:20  Pylon  
  103  8:21  Pylon  
  103  8:33  Gateway, Pylon  
  103  8:34  Gateway, Pylon x2  
  103  8:37  Forge  
  103  8:38  Gateway  
  103  8:46  Probe x3  
  103  8:47  Gateway, Forge  
  106  8:51  Gateway, Forge  
  106  8:53  Gateway  
  106  8:57  Gateway  
  106  8:58  Probe x3  
  109  9:10  Probe  
  66  10:01  Templar Archives  
  66  10:04  Stargate  
  66  10:05  Stargate  
  65  10:08  Stargate  
  65  10:12  Probe x2  
  65  10:13  Probe x2, Stargate  
  69  10:24  Probe x2  
  69  10:25  Probe  
  72  10:28  Assimilator  
  72  10:31  Gateway  
  72  10:34  Assimilator  
  72  10:35  Stalker x4  
  78  10:36  Stalker x2  
  78  10:37  Stalker x3  
  78  10:38  Stalker x3, Gateway  
  78  10:41  Protoss Ground Armor Level 1 (Chrono Boost), Gateway x2, Protoss Shields Level 1 (Chrono Boost)  
  96  10:47  Protoss Ground Weapons Level 1 (Chrono Boost)  
  96  11:07  High Templar x3  
  96  11:08  High Templar x3  
  96  11:09  High Templar x2  
  96  11:10  High Templar x3  
  96  11:11  High Templar  
  120  11:19  Archon x2  
  120  11:20  Archon x4, Nexus  
  120  11:22  Pylon  
  120  11:23  Pylon  
  120  11:24  Blink  
  120  11:27  Void Ray x3  
  120  11:28  Void Ray  
  136  11:36  Fleet Beacon  
  136  11:38  Zealot x2  
  136  11:39  Zealot x4  
  148  11:40  Zealot  
  148  11:43  Immortal  
  154  11:51  Probe x2  
  154  11:52  Probe x2  
  158  12:10  Psionic Storm  
  158  12:15  Void Ray x3  
  170  12:17  Void Ray  
  175  12:22  Observer  
  175  12:27  Unknown  
  175  12:34  Assimilator x2  
  171  12:37  Protoss Air Weapons Level 1 (Chrono Boost)  
  171  12:44  Immortal  
  105  13:07  Void Ray x4  
  121  13:16  Robotics Bay  
  121  13:18  Protoss Ground Weapons Level 2 (Chrono Boost)  
  121  13:20  Protoss Ground Armor Level 2 (Chrono Boost)  
  121  13:22  Protoss Shields Level 2 (Chrono Boost)  
  121  13:40  High Templar x2  
  125  13:42  Zealot x4  
  125  13:43  Zealot x4  
  125  13:44  Zealot x4  
  125  13:46  Zealot  
  151  13:49  Void Ray x2, Zealot  
  151  13:50  Void Ray x2  
  151  13:52  Archon  
  169  14:03  Extended Thermal Lance  
  169  14:06  Observer  
  170  14:11  Zealot  
  170  14:12  Zealot x4  
  170  14:13  Zealot x4  
  170  14:14  Zealot  
  190  14:30  Zealot x3  
  190  14:31  Zealot x2  
  94  15:07  Stalker x4  
  94  15:08  Stalker x2  
  94  15:09  Stalker x3  
  94  15:10  Stalker x4  
  94  15:11  Stalker x2  
  94  15:12  Stalker  
  112  15:22  Void Ray  
  112  15:23  Void Ray  
  120  15:40  Stalker x4  
  120  15:41  Stalker x3  
  134  15:45  High Templar x2  
  134  15:46  High Templar x2  
  134  15:48  High Templar  
  134  15:49  High Templar  
  146  15:50  High Templar  
  146  15:51  High Templar  
  146  15:53  High Templar  
  146  15:56  Protoss Ground Weapons Level 3 (Chrono Boost)  
  152  15:57  Protoss Ground Armor Level 3 (Chrono Boost)  
  152  16:01  Archon x4  
  152  16:06  Protoss Shields Level 3 (Chrono Boost)  
  152  16:33  Stalker x4  
  152  16:34  Stalker x4  
  152  16:35  Stalker  
  146  16:51  Stalker  
  146  16:52  Stalker x3  
  146  16:53  Stalker x3  
  160  17:13  Stalker x2  
  160  17:14  Stalker x4  
  160  17:15  Stalker x3  
  176  17:19  Stalker  
  180  17:27  Stalker  
  180  17:28  Stalker x2  
  186  17:39  Stalker  
  186  17:40  Stalker x3  
  186  17:42  Stalker  
  196  17:50  Stalker x2  
  160  18:33  Stalker x3  
  160  18:34  Stalker x5  
  130  18:35  Stalker x2  
  130  18:36  Stalker x3  
  130  18:37  Stalker x3  
  114  19:07  Nexus  
  114  19:09  Pylon  
  114  19:12  Stalker x4  
  114  19:13  Stalker x5  
  114  19:14  Stalker  
  114  19:16  Pylon  
  134  19:39  Assimilator  
  134  19:44  Assimilator  
  108  20:30  Stalker  
  108  20:31  Stalker x5  
  108  20:32  Stalker x3  
  108  20:33  Stalker x3  
  108  20:34  Stalker x4  
Show
View Real Time Build Order
Export as new Build Order

MrFercho Zerg - Winner!

Build Orders: Hatch First 

Get SALT Encoding   

  12  0:01  Drone  
  13  0:15  Overlord  
  13  0:27  Drone  
  14  0:34  Drone x2  
  16  0:54  Hatchery  
  16  0:56  Drone  
  16  1:02  Drone  
  16  1:04  Drone  
  18  1:15  Extractor  
  17  1:20  Spawning Pool  
  17  1:25  Drone  
  17  1:26  Drone  
  17  1:31  Drone  
  19  1:42  Drone  
  20  1:53  Overlord  
  20  2:05  Drone  
  20  2:08  Zergling x2  
  22  2:10  Queen  
  22  2:11  Queen  
  22  2:15  Zergling x2  
  27  2:19  Drone  
  28  2:26  Drone  
  29  2:33  Overlord  
  29  2:35  Drone  
  30  2:39  Drone  
  31  2:44  Metabolic Boost  
  31  2:47  Drone  
  32  2:52  Queen  
  32  2:54  Drone  
  35  3:02  Lair  
  35  3:05  Drone x2  
  37  3:21  Overlord  
  37  3:22  Overlord  
  37  3:23  Drone x5  
  42  3:37  Drone x2  
  44  3:46  Hatchery  
  43  4:00  Drone x4  
  43  4:01  Drone x4  
  51  4:06  Zergling x6  
  54  4:17  Baneling Nest  
  54  4:19  Drone x2  
  54  4:21  Evolution Chamber  
  54  4:27  Nydus Network  
  54  4:29  Zergling x10  
  52  5:02  Zergling x14  
  53  5:25  Queen  
  53  5:26  Zergling x2  
  53  5:27  Zergling x12  
  62  5:32  Zerg Melee Weapons Level 1  
  62  5:40  Drone x3  
  62  5:41  Extractor  
  64  5:43  Drone x2  
  64  5:44  Overlord x2  
  66  5:53  Hatchery  
  66  5:57  Overlord x2  
  65  5:58  Zergling x2  
  65  6:02  Queen x3  
  72  6:16  Centrifical Hooks  
  72  6:22  Hydralisk Den, Drone x3  
  72  6:24  Zergling x8  
  72  6:25  Zergling x6  
  81  6:37  Queen x2  
  85  6:45  Zergling x12  
  69  7:11  Drone x8  
  69  7:12  Drone x3  
  80  7:20  Overseer  
  80  7:28  Spore Crawler  
  78  7:40  Drone  
  78  7:41  Drone x2  
  80  7:52  Grooved Spines  
  80  7:53  Hydralisk  
  80  7:54  Hydralisk x3  
  88  8:09  Overlord x3  
  88  8:10  Overlord x4  
  88  8:24  Nydus Canal  
  88  8:27  Queen  
  88  8:30  Hydralisk x4  
  98  8:53  Hydralisk  
  98  8:54  Hydralisk x2  
  102  8:57  Zergling x32  
  108  9:02  Queen  
  108  9:03  Muscular Augments  
  100  9:22  Pneumatized Carapace  
  96  9:26  Hydralisk  
  98  9:32  Extractor  
  98  9:34  Extractor  
  98  9:38  Extractor, Queen  
  95  9:39  Drone  
  95  9:40  Drone x2  
  95  9:43  Drone x3  
  103  9:46  Spore Crawler  
  103  9:51  Spine Crawler  
  103  9:52  Spine Crawler  
  100  9:56  Spine Crawler  
  100  9:57  Zergling x34  
  100  9:58  Zergling x2  
  117  10:06  Zerg Missile Weapons Level 1  
  117  10:07  Lurker Den  
  117  10:12  Evolution Chamber  
  115  10:23  Infestation Pit  
  115  10:26  Baneling x5  
  115  10:27  Baneling  
  114  10:50  Extractor  
  114  10:51  Drone x3  
  114  10:53  Drone x5  
  114  10:54  Drone x2  
  123  10:57  Overlord x2  
  123  10:58  Overlord x2, Hydralisk  
  123  10:59  Hydralisk x8  
  141  11:11  Hive  
  141  11:19  Zergling x12  
  147  11:30  Nydus Canal  
  147  11:58  Nydus Canal  
  147  12:07  Zerg Missile Weapons Level 2, Zerg Melee Weapons Level 2  
  147  12:13  Baneling x10  
  147  12:14  Baneling x2  
  70  13:06  Spire  
  70  13:10  Seismic Spines  
  68  13:18  Drone x3  
  71  13:21  Drone x3  
  71  13:22  Drone x3  
  71  13:23  Drone x2  
  71  13:26  Drone  
  80  13:59  Hydralisk  
  80  14:00  Hydralisk x22  
  126  14:07  Adaptive Talons  
  126  14:16  Hydralisk x8  
  142  14:26  Zerg Flyer Armor Level 1  
  142  14:30  Zerg Missile Weapons Level 3  
  142  14:40  Lurker x2  
  142  14:43  Lurker  
  145  15:09  Nydus Canal  
  145  15:14  Overlord x3  
  110  16:01  Hydralisk x17  
  110  16:02  Hydralisk x5  
  98  16:44  Viper  
  98  16:45  Viper  
  104  16:56  Hydralisk x7  
  118  17:14  Zerg Melee Weapons Level 3  
  118  17:28  Zergling x16  
  118  17:29  Zergling x40  
  146  17:33  Hatchery  
  146  17:34  Extractor  
  146  17:35  Extractor  
  143  17:40  Adrenal Glands, Hatchery  
  143  17:43  Extractor  
  141  17:44  Extractor  
  136  18:35  Hydralisk x4  
  136  18:36  Hydralisk x7  
  138  18:53  Hydralisk x3  
  104  20:40  Zergling x24  
  104  20:41  Zergling x48  
  104  20:42  Zergling x2  
  141  20:50  Spore Crawler  
  141  20:53  Spore Crawler  
Show
View Real Time Build Order
Export as new Build Order

tigro Terran - Winner!

Build Orders:  

Get SALT Encoding   

  12  0:13  SCV  
  13  0:24  Supply Depot  
  13  0:26  SCV  
  14  0:48  Supply Depot  
  14  0:49  Barracks, SCV  
  15  1:01  SCV, Refinery  
  16  1:13  SCV  
  17  1:25  SCV  
  18  1:33  Refinery  
  18  1:37  Marine, SCV  
  20  1:52  Engineering Bay, SCV  
  21  1:55  Marine  
  22  2:07  SCV  
  23  2:13  Marine  
  24  2:19  SCV  
  25  2:23  Factory  
  25  2:31  Marine, SCV  
  25  2:35  Missile Turret  
  27  2:45  SCV  
  27  2:49  Marine  
  29  2:58  Orbital Command  
  29  3:02  Missile Turret  
  29  3:08  Factory Tech Lab  
  29  3:30  Missile Turret  
  29  3:36  Command Center  
  29  3:49  Barracks Tech Lab  
  29  3:51  Siege Tank  
  32  4:06  Refinery  
  32  4:11  Combat Shield  
  32  4:16  Terran Infantry Weapons Level 1  
  32  4:23  Siege Tank  
  35  4:44  Marine  
  34  4:50  Refinery  
  28  5:01  Marine  
  29  5:19  Marine  
  30  5:30  Stimpack  
  30  5:34  SCV  
  31  5:37  Marine  
  32  5:46  SCV  
  32  5:48  Starport  
  33  5:55  Marine  
  33  5:56  Siege Tank  
  37  5:58  SCV  
  38  6:10  Terran Infantry Armor Level 1  
  38  6:11  SCV  
  39  6:13  Marine  
  39  6:14  Armory  
  40  6:23  SCV  
  41  6:25  Starport  
  41  6:30  Marine  
  42  6:35  SCV  
  43  6:47  SCV  
  43  6:48  Marine  
  45  6:59  SCV  
  46  7:11  SCV  
  46  7:13  Medivac  
  48  7:57  Starport Tech Lab x2  
  48  7:59  Marine  
  48  8:03  Thor  
  48  8:04  Hi-Sec Auto Tracking  
  55  8:17  Marine  
  56  8:21  Missile Turret  
  56  8:34  Marine  
  57  8:43  Missile Turret  
  57  8:52  Marine  
  58  9:01  Neosteel Armor  
  58  9:04  Missile Turret  
  58  9:10  Marine  
  58  9:12  Supply Depot  
  59  9:21  Terran Vehicle Weapons Level 1  
  59  9:28  Missile Turret  
  59  9:33  Thor  
  59  9:35  Supply Depot  
  65  9:43  Barracks  
  65  9:53  Missile Turret  
  65  9:59  Supply Depot  
  65  10:14  Missile Turret  
  65  10:16  Thor  
  65  10:21  Supply Depot  
  59  10:22  Fusion Core  
  51  10:33  Barracks Reactor, Marine  
  51  10:34  Missile Turret  
  52  10:41  Terran Infantry Weapons Level 2  
  52  10:51  Marine  
  52  10:54  Missile Turret  
  53  10:59  Thor  
  59  11:09  Marine  
  60  11:15  Terran Vehicle And Ship Armor Level 1  
  60  11:16  Missile Turret  
  60  11:27  Marine  
  61  11:42  Thor  
  61  11:44  Marine  
  68  11:48  Missile Turret x2  
  68  11:55  Medivac  
  68  11:57  Medivac  
  72  12:08  Command Center  
  72  12:10  Missile Turret x2  
  68  12:25  Thor  
  62  12:31  Missile Turret  
  62  12:32  Missile Turret  
  62  12:36  Marine  
  63  12:40  Marine x2  
  63  12:54  Marine, Missile Turret  
  63  12:56  Missile Turret, Terran Infantry Armor Level 2  
  63  12:57  Marine  
  63  12:58  Marine  
  54  13:08  Siege Tank  
  54  13:09  Terran Ship Weapons Level 1  
  54  13:12  Marine  
  58  13:15  Marine  
  58  13:16  Marine, Missile Turret  
  58  13:18  Missile Turret  
  60  13:21  SCV  
  60  13:22  Refinery  
  61  13:29  Marine  
  61  13:33  Marine x2, Battlecruiser x2, SCV  
  77  13:38  Missile Turret  
  77  13:45  SCV  
  77  13:47  Marine  
  79  13:50  Refinery  
  79  13:51  Marine x2  
  81  13:57  SCV  
  82  14:05  Marine  
  84  14:10  SCV  
  84  14:27  SCV  
  85  14:39  SCV  
  86  14:51  SCV  
  87  14:53  Battlecruiser x2  
  99  15:04  SCV  
  69  15:16  SCV  
  63  15:57  Battlecruiser x2  
  63  16:00  Marine  
  63  16:01  Marine x2  
  68  16:09  Weapon Refit  
  67  16:18  Marine  
  50  16:30  Marine  
  48  16:48  Marine  
  48  16:52  Orbital Command  
  49  17:01  Battlecruiser  
  49  17:06  Marine  
  56  17:22  Barracks  
  56  17:24  Marine  
  57  17:44  Barracks Tech Lab  
  57  17:49  Rapid Reignition System  
  57  18:01  Battlecruiser  
  63  18:06  Battlecruiser  
  69  18:40  Marine x2  
  71  18:57  Marine  
  71  18:58  Marine  
  73  19:06  Battlecruiser  
  79  19:10  Battlecruiser  
  79  19:15  Marine x2  
  87  19:31  Thor  
  85  19:33  Marine x2  
  85  19:51  Marine x2  
Show
View Real Time Build Order
Export as new Build Order

MGBoss Terran 

Build Orders:  

Get SALT Encoding   

  12  0:00  SCV  
  13  0:13  SCV  
  14  0:20  Supply Depot  
  14  0:33  SCV  
  15  0:36  Refinery  
  15  0:44  Supply Depot  
  15  0:45  SCV  
  16  0:57  SCV  
  17  1:09  SCV  
  17  1:11  Barracks  
  18  1:21  SCV  
  18  1:22  Refinery  
  19  1:33  Supply Depot, SCV  
  20  1:46  SCV  
  21  1:58  SCV  
  22  2:09  Factory  
  22  2:10  SCV  
  22  2:11  Barracks  
  22  2:14  Marine  
  24  2:22  Ghost Academy  
  24  2:32  Marine  
  24  2:33  SCV  
  26  2:45  SCV  
  27  2:55  Starport  
  27  2:57  SCV  
  28  2:58  Starport  
  28  3:08  Nuke  
  28  3:09  SCV  
  29  3:17  Barracks Tech Lab  
  29  3:21  SCV  
  30  3:33  SCV  
  31  3:42  Command Center  
  31  3:52  SCV  
  32  3:58  Ghost  
  34  4:04  SCV  
  35  4:10  Fusion Core  
  35  4:23  SCV  
  36  4:36  Personal Cloaking, SCV  
  37  5:01  Marine  
  37  5:03  Starport Tech Lab x2  
  38  5:10  Starport  
  38  5:11  Starport  
  38  5:17  SCV  
  38  5:20  SCV  
  40  5:26  Weapon Refit  
  40  5:30  SCV  
  40  5:32  SCV  
  40  5:33  Refinery  
  40  5:35  Refinery  
  42  5:42  SCV  
  43  5:44  SCV  
  43  5:45  Viking  
  46  5:54  SCV  
  46  5:56  SCV  
  48  6:06  SCV  
  49  6:13  SCV  
  49  6:18  SCV  
  51  6:25  SCV  
  54  6:30  SCV  
  53  6:37  SCV  
  54  7:50  SCV x2  
  54  8:00  Supply Depot x2  
  54  8:01  Starport Tech Lab x2  
  54  8:03  Supply Depot  
  54  8:10  Command Center  
  54  8:21  Battlecruiser, SCV x2  
  54  8:22  Battlecruiser  
  68  8:33  Command Center, SCV  
  77  8:36  Battlecruiser  
  77  8:45  SCV  
  68  8:57  SCV  
  68  9:26  Battlecruiser x2  
  80  9:34  SCV  
  81  9:39  Refinery  
  81  9:44  SCV  
  81  9:45  Battlecruiser x2  
  94  9:46  SCV  
  95  9:57  SCV  
  95  9:58  SCV  
  97  10:00  Armory  
  97  10:01  Armory  
  97  10:05  SCV, Refinery  
  98  10:11  SCV  
  99  10:17  SCV  
  100  10:38  Supply Depot x2  
  100  10:39  Supply Depot  
  100  10:41  Supply Depot  
  100  10:54  Orbital Command  
  100  10:56  Orbital Command  
  100  10:59  Battlecruiser  
  100  11:00  Battlecruiser  
  100  11:02  Orbital Command  
  112  11:09  Supply Depot  
  112  11:11  Supply Depot x2  
  112  11:22  Terran Ship Weapons Level 1  
  112  11:23  Terran Vehicle And Ship Armor Level 1  
  112  11:27  Battlecruiser  
  118  11:33  Supply Depot  
  118  11:56  Supply Depot  
  118  12:03  Battlecruiser  
  118  12:04  Battlecruiser  
  114  13:25  SCV  
  115  13:27  Fusion Core  
  115  13:29  SCV  
  116  13:37  SCV  
  116  13:41  SCV x2  
  119  13:49  SCV  
  119  13:53  SCV  
  121  14:01  SCV  
  122  14:05  SCV  
  122  14:08  SCV  
  124  14:13  SCV  
  125  14:17  SCV  
  125  14:18  Battlecruiser x4  
  125  14:20  SCV  
  151  14:25  SCV  
  151  14:29  SCV  
  153  14:32  Refinery, SCV  
  153  14:35  Refinery  
  153  14:37  SCV  
  155  14:41  SCV  
  155  14:45  SCV  
  157  14:50  SCV  
  158  14:53  SCV  
  158  14:57  SCV  
  160  15:22  Battlecruiser  
  148  16:53  Battlecruiser  
  172  16:54  Battlecruiser x3  
  172  17:05  SCV  
  173  17:17  SCV  
  173  17:18  Command Center  
  174  17:23  Starport  
  174  17:29  SCV  
  175  17:41  SCV  
  176  17:53  SCV  
  176  17:58  Battlecruiser x3  
  195  18:01  Starport  
  171  18:37  Starport  
  123  18:52  Battlecruiser  
  123  18:56  Starport Tech Lab  
  123  18:57  Starport Tech Lab  
  123  18:59  SCV  
  123  19:02  Battlecruiser x3  
  142  19:03  Refinery  
  142  19:11  SCV  
  143  19:23  SCV  
  144  19:29  Refinery  
  138  19:36  SCV  
  120  19:48  SCV  
Show
View Real Time Build Order
Export as new Build Order

qherman Terran 

Build Orders:  

Get SALT Encoding   

  12  0:00  SCV  
  13  0:12  SCV  
  14  0:17  Supply Depot  
  14  0:28  SCV  
  15  0:40  SCV  
  15  0:42  Barracks  
  16  0:52  SCV  
  16  0:53  Refinery  
  17  0:59  Refinery  
  17  1:04  SCV  
  18  1:16  SCV  
  19  1:28  SCV  
  19  1:30  Barracks Reactor  
  19  1:31  Barracks  
  20  1:40  SCV  
  21  1:52  SCV  
  22  2:00  Engineering Bay  
  22  2:05  SCV  
  23  2:18  Barracks Reactor  
  23  2:19  Barracks Reactor, Barracks  
  23  2:24  Supply Depot  
  23  2:30  Orbital Command  
  23  2:49  Supply Depot  
  23  3:06  Reaper  
  23  3:07  Reaper x5  
  29  3:31  Supply Depot  
  29  3:38  Reaper  
  29  3:39  Reaper x3  
  33  3:42  Reaper x2  
  35  3:55  Command Center  
  35  4:00  Terran Infantry Weapons Level 1  
  35  4:10  Marine, SCV  
  35  4:11  Marine x3  
  35  4:14  Marine x2  
  42  4:22  SCV  
  43  4:35  SCV  
  44  4:38  Marine  
  44  4:39  Marine x2  
  44  4:44  Supply Depot  
  47  4:50  SCV  
  47  5:02  SCV  
  45  5:07  Supply Depot  
  45  5:10  Orbital Command  
  44  5:15  SCV  
  44  5:24  Marine x6  
  44  5:27  SCV  
  51  5:31  Supply Depot  
  51  5:37  SCV  
  51  5:39  SCV  
  51  5:41  Marine  
  51  5:42  Marine x5  
  58  5:49  SCV  
  60  5:51  SCV  
  61  5:59  Marine  
  61  6:00  Marine x2  
  61  6:01  SCV  
  61  6:03  SCV  
  66  6:07  Refinery  
  66  6:09  Refinery  
  66  6:13  SCV  
  66  6:15  SCV  
  68  6:19  Factory  
  68  6:21  Factory  
  68  6:25  SCV  
  68  6:27  SCV  
  70  6:34  Terran Infantry Armor Level 1  
  70  6:37  SCV  
  70  6:39  SCV  
  72  6:49  Marine x5  
  72  6:50  Marine, SCV  
  72  6:51  SCV  
  80  7:02  Supply Depot, SCV  
  80  7:06  Marine  
  80  7:07  Marine x4  
  86  7:08  Factory Tech Lab x2  
  86  7:24  Marine x2  
  86  7:25  Marine x4  
  86  7:27  Supply Depot  
  92  7:41  Marine  
  92  7:42  Marine  
  94  7:48  Marine x2  
  94  7:49  Supply Depot, Siege Tank x2  
  102  8:10  Armory, Marine x6  
  102  8:11  Supply Depot, SCV x2  
  110  8:28  Hi-Sec Auto Tracking  
  110  8:32  Marine x4  
  110  8:33  Supply Depot, Siege Tank, SCV  
  118  8:54  Marine x4  
  118  8:55  Marine x2, SCV x2  
  125  8:56  Supply Depot  
  125  9:04  Siege Tank  
  125  9:07  SCV  
  126  9:13  Terran Vehicle Weapons Level 1  
  126  9:14  Marine  
  126  9:16  Marine x2, SCV  
  126  9:17  Marine x3, Siege Tank  
  126  9:18  Supply Depot  
  126  9:19  SCV  
  129  9:25  Neosteel Armor  
  129  9:28  SCV  
  130  9:31  SCV  
  130  9:32  Marine  
  130  9:34  Marine x2  
  134  9:39  Marine x3, Siege Tank  
  134  9:40  SCV  
  134  9:43  SCV  
  137  9:49  Siege Tank  
  137  9:50  Marine  
  137  9:51  Marine  
  137  9:52  Marine, SCV  
  133  9:57  Marine x3  
  133  10:08  Marine  
  133  10:09  Marine  
  133  10:10  Marine  
  133  10:11  Siege Tank  
  139  10:15  Marine x3  
  137  10:21  Siege Tank  
  137  10:25  Marine  
  137  10:27  Marine  
  142  10:45  Marine x6, Siege Tank  
  142  10:46  SCV x2  
  142  10:49  Supply Depot  
  153  10:53  Siege Tank  
  156  10:58  SCV x2  
  158  11:05  Terran Infantry Weapons Level 2  
  158  11:07  Terran Vehicle And Ship Armor Level 1  
  158  11:10  SCV x2  
  160  11:12  Supply Depot  
  160  11:17  Siege Tank  
  163  11:22  SCV  
  163  11:23  SCV  
  165  11:26  Siege Tank  
  165  11:30  Command Center  
  168  11:34  SCV  
  169  11:49  Siege Tank  
  172  11:58  Siege Tank  
  172  12:00  Marine  
  176  12:12  SCV x2  
  178  12:21  Siege Tank  
  181  12:24  SCV x2  
  180  12:30  Siege Tank  
  180  12:36  SCV x2  
  178  12:43  Marine  
  178  12:44  Marine x3  
  150  12:46  Marine  
  150  12:48  SCV x2  
  122  12:53  Siege Tank  
  118  13:01  Terran Ship Weapons Level 1  
  118  13:02  Siege Tank  
  118  13:07  Orbital Command  
  118  13:15  SCV  
  118  13:16  SCV  
  120  13:20  Terran Infantry Armor Level 2  
  120  13:22  Refinery  
  120  13:24  Refinery  
  120  13:25  Siege Tank  
  123  13:27  SCV  
  123  13:28  SCV  
  125  13:34  Siege Tank  
  125  13:39  SCV  
  125  13:40  SCV  
  130  13:49  Command Center  
  130  13:51  SCV  
  130  13:52  SCV x2  
  133  13:57  Siege Tank  
  136  14:04  SCV x3  
  136  14:06  Siege Tank  
  142  14:16  SCV x3  
  145  14:28  SCV x3  
  145  14:30  Siege Tank  
  151  14:38  Siege Tank  
  151  14:40  SCV  
  151  14:41  Marine x3  
  158  14:48  Marine  
  158  14:49  Marine x2  
  161  14:59  Marine x3  
  143  15:02  Siege Tank  
  143  15:06  Marine x3  
  118  15:10  Siege Tank  
  115  15:16  Marine  
  115  15:17  Marine x2  
  117  15:24  Marine x3  
  118  15:34  Marine, Siege Tank  
  118  15:35  Marine x2  
  117  15:37  Terran Infantry Weapons Level 3  
  117  15:42  Marine x3  
  113  15:52  Marine  
  113  15:53  Marine x2  
  103  15:59  Marine  
  103  16:00  Marine x2  
  100  16:06  Siege Tank  
  100  16:10  Marine x3, Refinery x2  
  101  16:17  Marine  
  101  16:18  Marine x2  
  91  16:28  Marine x3  
  93  16:35  Marine x2  
  93  16:36  Marine  
  93  16:38  Siege Tank  
  99  16:40  SCV  
  99  16:41  SCV  
  99  16:45  Marine  
  99  16:46  Marine x2  
  105  16:48  Orbital Command  
  105  16:52  SCV  
  105  16:53  Marine x3, SCV  
  109  17:03  Marine  
  109  17:04  Marine x2, SCV  
  109  17:05  SCV  
  109  17:07  Refinery  
  114  17:09  Refinery  
  114  17:10  Siege Tank  
  114  17:11  Marine x3  
  120  17:16  SCV  
  120  17:17  SCV  
  120  17:22  SCV  
  123  17:29  SCV x2  
  125  17:34  SCV  
  126  17:41  SCV x2  
  126  17:42  Siege Tank  
  131  17:46  SCV  
  132  17:53  SCV x2  
  134  17:58  SCV  
  134  18:05  SCV x2  
  131  18:10  Marine  
  131  18:11  SCV  
  131  18:12  Marine x5  
  107  18:14  Siege Tank  
  107  18:17  SCV x2  
  88  18:23  SCV  
  84  18:28  Marine  
  84  18:29  Marine x5, SCV  
  84  18:30  SCV  
  80  18:35  SCV  
  80  18:41  SCV  
  80  18:42  SCV  
  80  18:46  Marine, Siege Tank  
  80  18:47  Marine x5, SCV  
  87  18:53  SCV  
  83  18:59  SCV  
  79  19:04  Marine  
  79  19:05  Marine x5, SCV  
  74  19:18  Siege Tank, SCV x2  
  74  19:22  Marine  
  74  19:23  Marine x5  
  82  19:30  SCV  
  74  19:39  Marine  
  74  19:40  Starport  
  74  19:41  Marine x5  
  74  19:42  Orbital Command  
  74  19:43  SCV  
  74  19:44  Factory  
  77  19:49  Factory  
  77  19:51  Siege Tank  
  77  19:52  Factory  
  76  19:55  Factory, SCV  
  76  19:57  Marine  
  76  19:59  Marine x4  
  83  20:01  Factory  
  74  20:07  Factory  
  75  20:16  Marine x2  
  72  20:23  Siege Tank  
  72  20:28  Armory  
  73  20:32  Factory Tech Lab x2  
Show
View Real Time Build Order
Export as new Build Order

WoolaThark Protoss 

Build Orders:  

Get SALT Encoding   

  12  0:02  Probe (Chrono Boost)  
  13  0:21  Pylon  
  13  0:25  Assimilator  
  13  0:31  Assimilator  
  13  0:50  Gateway  
  13  0:55  Forge  
  13  0:57  Probe  
  14  1:15  Probe (Chrono Boost)  
  15  1:23  Pylon  
  15  1:26  Probe (Chrono Boost)  
  16  1:46  Cybernetics Core  
  16  1:50  Probe  
  17  2:10  Pylon  
  17  2:19  Probe (Chrono Boost)  
  18  2:27  Stargate  
  18  2:33  Stalker  
  20  2:43  Photon Cannon  
  20  2:58  Photon Cannon  
  20  3:12  Photon Cannon  
  20  3:18  Probe  
  21  3:24  Photon Cannon  
  21  3:54  Void Ray  
  25  4:06  Stargate  
  25  4:08  Pylon, Probe (Chrono Boost)  
  26  4:33  Stargate  
  26  4:38  Void Ray  
  26  4:42  Probe  
  31  5:05  Void Ray  
  35  5:27  Fleet Beacon  
  35  5:30  Probe (Chrono Boost)  
  36  5:47  Void Ray  
  40  5:55  Photon Cannon  
  40  6:12  Unknown  
  40  6:42  Void Ray  
  40  6:43  Nexus  
  44  6:56  Pylon  
  44  7:14  Void Ray  
  48  7:16  Assimilator  
  48  7:20  Probe  
  49  7:31  Assimilator  
  49  7:40  Photon Cannon, Probe  
  51  7:59  Probe x2 (Chrono Boost)  
  51  8:04  Void Ray  
  56  8:13  Photon Cannon  
  56  8:18  Probe (Chrono Boost)  
  56  8:24  Probe (Chrono Boost)  
  58  8:38  Probe (Chrono Boost)  
  58  8:39  Probe (Chrono Boost)  
  60  9:09  Void Ray  
  64  9:10  Void Ray  
  64  9:13  Probe x2  
  68  9:54  Probe x2  
  70  10:17  Pylon  
  70  10:35  Void Ray x2  
  70  10:42  Pylon  
  78  10:59  Void Ray  
  82  11:08  Nexus  
  82  11:15  Nexus  
  82  11:18  Void Ray  
  82  11:22  Pylon  
  82  11:25  Pylon  
  86  11:28  Pylon  
  86  11:32  Pylon  
  86  11:41  Carrier  
  92  12:14  Void Ray x2  
  100  12:16  Probe  
  100  12:17  Probe  
  94  13:13  Void Ray  
  94  13:14  Void Ray x2  
  94  13:17  Probe x4  
  110  13:43  Photon Cannon  
  110  13:47  Photon Cannon  
  110  13:50  Probe  
  110  13:51  Photon Cannon  
  111  14:33  Probe x4  
  115  14:43  Void Ray x2  
  97  15:15  Void Ray  
  97  15:19  Probe x4  
  105  15:26  Void Ray  
  81  16:01  Void Ray x2  
  57  16:09  Void Ray  
  61  16:21  Probe x3  
  61  16:22  Probe  
  61  16:28  Stargate  
  61  16:32  Stargate  
  61  16:44  Carrier x2  
  73  16:51  Probe (Chrono Boost)  
  73  16:52  Carrier  
  83  16:56  Probe x2 (Chrono Boost)  
  83  16:57  Probe (Chrono Boost)  
  83  17:11  Carrier  
  89  17:26  Assimilator  
  89  17:31  Assimilator  
  89  17:32  Assimilator  
  89  17:36  Assimilator  
  89  17:43  Stargate  
  89  18:17  Nexus  
  73  18:33  Probe x2 (Chrono Boost)  
  77  18:38  Probe x2 (Chrono Boost)  
  77  18:53  Void Ray  
  75  18:56  Void Ray  
  66  19:03  Void Ray  
  66  19:04  Void Ray x3  
  63  19:36  Void Ray  
  67  19:39  Void Ray  
  67  19:41  Probe  
  72  19:53  Probe  
  73  20:05  Probe  
  70  20:07  Void Ray x2  
  74  20:17  Probe  
  67  20:29  Probe  
  67  20:31  Pylon  
  67  20:34  Pylon  
  67  20:35  Stargate  
  62  20:36  Assimilator  
  62  20:41  Assimilator  
Tags
 
Add a new tag
Caveats
  • Supply blocks, unpowered buildings, or Contaminate may cause inaccurate times.
  • Supply counts are checked every 10 seconds.